 Dungeon Crawl Stone Soup version 0.16.1-11-g651b585 (webtiles) character file.

223 Radiman the Digger (level 6, -3/32 HPs)
             Began as a Gargoyle Earth Elementalist on Mar 31, 2015.
             Slain by an iron imp (9 damage)
             ... summoned by Eustachio
             ... on level 2 of the Dungeon on Apr 1, 2015.
             The game lasted 00:21:35 (3769 turns).

Radiman the Digger (Gargoyle Earth Elementalist)    Turns: 3769, Time: 00:21:35

Health: -3/32      AC:  9    Str: 12    XL:     6   Next: 0%
Magic:  2/15       EV: 12    Int: 17    God:
Gold:   146        SH:  0    Dex: 10    Spells: 3 memorised, 8 levels left

rFire  . . .     SeeInvis .     m - +0 mace
rCold  . . .     Clarity  .     c - +1 robe
rNeg   + . .     SustAb   .     (no shield)
rPois  ∞         Gourm    .     (no helmet)
rElec  +         Spirit   .     q - +0 cloak
rCorr  .         Warding  .     k - +0 pair of gloves
rMut   .         Stasis   .     (no boots)
MR     .....                    (no amulet)
Stlth  ++........               (no ring)
                                (no ring)

@: not resistant to hostile enchantments, unstealthy
A: negative energy resistance 1, electricity resistance, unbreathing,
petrification resistance, rot immunity, AC +4
a: no special abilities


You were on level 2 of the Dungeon.
You were not hungry.

You visited 1 branch of the dungeon, and saw 4 of its levels.

You collected 146 gold pieces.

Inventory:

Hand weapons
 m - a +0 mace (weapon)
Missiles
 b - 117 stones (quivered)
Armour
 c - a +1 robe (worn)
 j - a cursed +0 buckler
 k - a +0 pair of gloves (worn)
 q - a +0 cloak (worn)
Scrolls
 n - a scroll of magic mapping
 s - a scroll of fog
Potions
 e - 2 potions of ambrosia {unknown}
 g - a potion of cancellation {unknown}
 h - 3 potions of haste
 i - a potion of beneficial mutation {unknown}
 l - a potion of curing {unknown}
Books
 d - a book of Geomancy

   Spells                             Type                      Level
   a - Sandblast                      Earth                        1
   b - Stoneskin                      Transmutation/Earth          2
   c - Passwall                       Transmutation/Earth          3
   d - Stone Arrow                    Conjuration/Earth            3
   e - Petrify                        Transmutation/Earth          4
   f - Lee's Rapid Deconstruction     Earth                        5
Comestibles
 a - 2 bread rations
 f - a meat ration
 o - a royal jelly
 r - a slice of pizza


   Skills:
 - Level 1.5 Dodging
 - Level 2.1 Stealth
 * Level 4.5 Spellcasting
 + Level 1.9 Conjurations
 - Level 0.7 Transmutations
 + Level 5.0 Earth Magic


You had 8 spell levels left.
You knew the following spells:

 Your Spells              Type           Power        Failure   Level  Hunger
a - Sandblast             Erth           ###...       1%          1    None
b - Stoneskin             Trmt/Erth      ##......     10%         2    ##.....
c - Stone Arrow           Conj/Erth      ###...       12%         3    ###....


Dungeon Overview and Level Annotations

Branches:
Dungeon (4/15)
 Temple: D:4-7

Altars:
Ashenzari
Dithmenos
Fedhas
Sif Muna
Xom

Annotations:
D:2 Eustachio


Innate Abilities, Weirdness & Mutations

You are resistant to torment.
You are immune to poison.
Your stone body is very resilient (AC +4).
You resist negative energy.
You are resistant to electric shocks.
You can survive without breathing.
You are immune to petrification.
You are immune to rotting.


Message History

The quokka barely misses you.
You hit the iron imp but do no damage.
The iron imp is lightly wounded.
The bat barely misses you. The bat hits you but does no damage.
The bat barely misses you. The bat hits you but does no damage.
The quokka bites you.
* * * LOW HITPOINT WARNING * * *
The quokka closely misses you.
The iron imp summons a swarm of flies.
The iron imp completely misses you. The bat hits you but does no damage.
The bat barely misses you. The bat hits you but does no damage.
The bat hits you.
* * * LOW HITPOINT WARNING * * *
The quokka barely misses you. The bat hits you but does no damage.
The bat barely misses you. The bat closely misses you.
The iron imp closely misses you. The rat bites you but does no damage.
Eustachio casts a spell.
The bat hits you but does no damage. The rat barely misses you.
The iron imp hits you!
You die...

#
#.###.#########.###
# #.....##≈≈≈≈≈##.#
P#
#######≈≈≈≈≈≈≈#.#
## #####≈≈...≈≈#.#
# #...#≈≈._.≈≈#.#
###...#≈≈...≈≈#.#
#..r..#≈≈≈.≈≈≈#.#
########
#b.5.(##≈≈.≈≈##.###
.......#
#b@r@..###'###.....
######.#
###5..####.# #....#
# #.# #..5..##..#
#...## #.####
#.....##.#####.##
#.##.##
#.....##.......#
#.#...##
#.....########.#
#......## #.....#
##'## #.......#
####.## ##...##
###.....## #.#
##.....#


You could see Eustachio, an iron imp, a crimson imp, an ufetubus, a quokka, 2
bats and a rat.

Vanquished Creatures
  Crazy Yiuf (D:3)
  Natasha (twice) (D:3)
  A worker ant (D:2)
  Jessica (D:3)
  5 adders
  An adder zombie (D:3)
  An adder skeleton (D:3)
  The ghost of Alarkh the Cutter, a weakling SpBe of Trog (D:3)
  2 orcs (D:3)
  5 giant cockroaches
  11 goblins
  11 hobgoblins
  2 jackals (D:1)
  A quokka (D:2)
  8 bats
  A giant newt (D:2)
  9 kobolds
  7 rats
70 creatures vanquished.

Notes
Turn   | Place    | Note
--------------------------------------------------------------
     0 | D:1      | Radiman, the Gargoyle Earth Elementalist, began the quest for the Orb.
     0 | D:1      | Reached XP level 1. HP: 10/10 MP: 3/3
   153 | D:1      | Reached XP level 2. HP: 9/15 MP: 1/5
   364 | D:1      | Learned a level 2 spell: Stoneskin
  1371 | D:2      | Found a deep blue altar of Sif Muna.
  1426 | D:2      | Reached XP level 3. HP: 19/19 MP: 4/6
  1570 | D:2      | Reached skill level 4 in Earth Magic
  1849 | D:2      | Found a shimmering altar of Xom.
  1850 | D:2      | Found a blossoming altar of Fedhas.
  1850 | D:2      | Found a shattered altar of Ashenzari.
  2245 | D:3      | Reached XP level 4. HP: 24/24 MP: 4/9
  2471 | D:3      | Found a shadowy altar of Dithmenos.
  2474 | D:3      | Noticed Jessica
  2486 | D:3      | Killed Jessica
  2489 | D:3      | Noticed Alarkh's ghost (weakling SpBe)
  2495 | D:3      | Killed Alarkh's ghost
  2596 | D:3      | Learned a level 3 spell: Stone Arrow
  2654 | D:3      | Noticed Natasha
  2699 | D:3      | Killed Natasha
  2699 | D:3      | Reached XP level 5. HP: 26/28 MP: 7/13
  2745 | D:3      | Noticed Crazy Yiuf
  2756 | D:3      | Killed Crazy Yiuf
  2756 | D:3      | Reached skill level 1 in Conjurations
  3030 | D:3      | Noticed Natasha
  3037 | D:3      | Killed Natasha
  3523 | D:4      | Noticed Eustachio
  3548 | D:2      | Reached skill level 5 in Earth Magic
  3633 | D:2      | Reached XP level 6. HP: 26/32 MP: 8/15
  3769 | D:2      | Slain by an iron imp

Action                   |  1- 3 |  4- 6 || total
-------------------------+-------+-------++-------
Melee: Unarmed           |    36 |       ||    36
       Club              |     6 |     3 ||     9
       Mace              |       |    13 ||    13
 Cast: Sandblast         |    68 |   112 ||   180
  Use: Scroll            |     5 |     4 ||     9
  Eat: Chunk             |     4 |     5 ||     9
